 Dungeon Crawl Stone Soup version 0.30.0-19-g36f170ea60 (webtiles) character file.

Game seed: 2940192456855349794

65 sampeng1 the Trooper (level 3, 0/33 HPs)
             Began as a Draconian Berserker on May 26, 2023.
             Was a Believer of Trog.
             Slain by a gnoll
             ... wielding a +0 halberd
              (4 damage)
             ... on level 2 of the Dungeon.
             The game lasted 00:02:38 (1047 turns).

sampeng1 the Trooper (Draconian Berserker)          Turns: 1047, Time: 00:02:38

Health: 0/33       AC:  5    Str: 27    XL:     3   Next: 92%
Magic:  3/3        EV: 12    Int:  7    God:    Trog [**....]
Gold:   54         SH:  0    Dex: 10    Spells: 2/2 levels left

rFire   . . .        a - +0 hand axe
rCold   . . .        (no shield)
rNeg    . . .        (body armour unavailable)
rPois   .            (helmet restricted)
rElec   .            (no cloak)
rCorr   .            (no gloves)
SInv    .            (no boots)
Will    ++...        (no amulet)
Stlth   +            d - +6 ring of strength
HPRegen 1.25/turn    (no ring)
MPRegen 0.08/turn

%: no passive effects
@: strong-willed, regenerating
A: AC +5, unfitting armour, cold-blooded
a: Renounce Religion, Berserk, Trog's Hand


You were on level 2 of the Dungeon.
You worshipped Trog.
Trog was pleased with you.
You visited 1 branch of the dungeon, and saw 2 of its levels.

You collected 54 gold pieces.

Inventory:

Hand Weapons
 a - a +0 hand axe (weapon)
Jewellery
 d - a +6 ring of strength (left hand)
Scrolls
 b - a scroll of teleportation
Potions
 c - a potion of heal wounds {unknown}
 e - a potion of curing


   Skills:
 + Level 4.1 Fighting
 + Level 3.7 Axes
 + Level 3.3 Dodging


You had 2 spell levels left.
You didn't know any spells.
Your spell library was empty.

Dungeon Overview and Level Annotations

Branches:
Dungeon (2/15)

Altars:


Innate Abilities, Weirdness & Mutations

Your plain brown scales are hard. (AC +5)
You cannot fit into any form of body armour.
You are cold-blooded and may be slowed by cold attacks.


Message History

You hit the ball python.
You kill the ball python!
Trog accepts your kill. The gnoll barely misses you.
You hit the goblin.
The goblin is severely wounded.
The gnoll hits you from afar with a +0 spear.
The goblin completely misses you.
You hit the goblin.
You kill the goblin!
Trog accepts your kill. The gnoll closely misses you.
The gnoll hits you from afar with a +0 halberd.
A gnoll comes into view. It is wielding a +0 flail.
The gnoll shouts!
A rat comes into view.
The endoplasm hits you but does no damage.
The gnoll closely misses you. x2
There is a large open door here.
Items here: )) ††.
You hit the endoplasm.
The endoplasm is lightly wounded.
You closely miss the gnoll. You barely miss the gnoll.
The gnoll hits you with a +0 spear. The endoplasm closely misses you.
The gnoll completely misses you.
You slash the endoplasm!
You kill the endoplasm!
Trog accepts your kill.
You hit the gnoll. You hit the gnoll but do no damage.
The gnoll hits you with a +0 halberd! The gnoll hits you with a +0 spear. x2
* * * LOW HITPOINT WARNING * * *
The gnoll hits you with a +0 halberd.
* * * LOW HITPOINT WARNING * * *
Your skin crawls.
You feel strong-willed. The gnoll misses you.
The gnoll hits you with a +0 spear.
* * * LOW HITPOINT WARNING * * *
You barely miss the gnoll. You completely miss the gnoll.
The gnoll hits you with a +0 halberd.
You die...

#.# ......#
#.##
.......##..#
........##.#
.........#.#
.........#.#
§.....?..#.#
§.......g†.#
§)....rgg@.#
.........###
.........#
.........#
........##
.......##
......#
.....#


You could see 3 gnolls and a rat.

Vanquished Creatures
  A gnoll (D:2)
  An adder (D:2)
  4 endoplasms
  4 giant cockroaches
  4 goblins
  2 hobgoblins
  2 quokkas
  7 ball pythons
  9 bats
  A frilled lizard (D:1)
  2 kobolds
  4 rats (D:1)
41 creatures vanquished.

Notes
Turn   | Place    | Note
-------+----------+-------------------------------------------
     0 | D:1      | sampeng1 the Draconian Berserker began the quest for the
                  | Orb.
     0 | D:1      | Reached XP level 1. HP: 19/19 MP: 1/1
   139 | D:1      | Reached XP level 2. HP: 25/26 MP: 2/2
   421 | D:1      | Noticed a golden eye
   432 | D:1      | Noticed a golden eye
   483 | D:1      | Noticed a floating eye
   485 | D:1      | Found a faded altar of an unknown god.
   486 | D:1      | Noticed a floating eye
   578 | D:1      | Reached XP level 3. HP: 33/33 MP: 3/3
   903 | D:2      | Reached ** piety under Trog
   918 | D:2      | Reached skill level 4 in Fighting
  1047 | D:2      | Slain by a gnoll

Illustrated notes

Levels and vault maps discovered:
D:1:      saegor_arrival_simple_d, layout_loops_ring,
          hellmonk_ecumenical_altar_watching_god
D:2:      kennysheep_big_flooded_room, layout_loops_cross, minmay_misc_feat_iff,
          uniq_jessica

Skill      XL: |  1  2  3 |
---------------+----------+-----
Dodging        | 3 |  3.3
Fighting       | 4 |  4.1
Axes           | |  3.7

Action                     || total
---------------------------++-------
  Melee: Hand axe          ||    99
         Tailslap          ||     7
 Invoke: Trog's Hand       ||     1
    Use: Scroll            ||     2
 Armour: Skin              ||    48
  Dodge: Dodged            ||   100
